Map: Efflorescence LE

Players

qqq - Winner!

  • Race: Zerg Zerg
  • League: Platinum
  • Spawn Location: 9:00

Massa - Winner!

  • Race: Terran Terran
  • League: Platinum
  • Spawn Location: 6:00

Creepy

  • Race: Terran Terran
  • League: Diamond
  • Spawn Location: 3:00

Taureg

  • Race: Zerg Zerg
  • League: Diamond
  • Spawn Location: 12:00

VOD

Have the link to the VOD?

Description

Time

  • Played on: Nov. 19, 2020, 2:14 p.m.
  • Length: 17:08
Show
View Real Time Build Order
Export as new Build Order

qqq Zerg - Winner!

Build Orders: Hatch First, Muta Ling Bane 

Get SALT Encoding   

  12  0:00  Drone  
  13  0:08  Drone  
  14  0:18  Overlord  
  14  0:50  Hatchery  
  14  0:53  Drone  
  14  0:54  Drone  
  16  0:57  Drone  
  16  1:04  Drone  
  17  1:18  Spawning Pool  
  16  1:26  Drone  
  16  1:28  Extractor  
  16  1:34  Drone  
  17  1:44  Drone  
  18  1:53  Drone  
  19  2:04  Drone  
  19  2:06  Drone, Queen  
  19  2:08  Queen  
  25  2:19  Drone  
  25  2:20  Overlord  
  26  2:31  Extractor  
  26  2:34  Overlord  
  26  2:35  Zergling x2  
  26  2:38  Drone  
  26  2:39  Zergling x2  
  26  2:40  Metabolic Boost  
  28  2:47  Zergling x2  
  29  2:56  Zergling x2  
  30  2:59  Zergling x2, Baneling Nest  
  30  3:00  Zergling x2  
  31  3:06  Zergling x2  
  31  3:07  Zergling x2  
  33  3:13  Zergling x2  
  34  3:28  Zergling x6  
  37  3:39  Overlord  
  37  3:40  Zergling x4  
  37  3:41  Zergling x4  
  41  3:49  Zergling x2  
  41  3:50  Zergling x2  
  42  4:05  Baneling x4  
  42  4:07  Zergling x6  
  45  4:18  Zergling x2  
  45  4:19  Zergling x4  
  45  4:20  Zergling x2  
  48  4:33  Zergling x2  
  48  4:34  Zergling x2  
  44  4:50  Zergling x10  
  44  4:51  Zergling x6  
  50  5:09  Baneling x5  
  50  5:12  Zergling x4  
  50  5:13  Zergling x4  
  43  5:36  Zergling x8  
  43  5:37  Zergling x8  
  45  5:59  Zergling x6  
  45  6:00  Zergling x2  
  44  6:08  Zergling x2  
  44  6:09  Zergling x2  
  46  6:14  Lair  
  45  6:23  Baneling x2  
  45  6:26  Baneling x2  
  45  6:31  Zergling x4  
  45  6:32  Zergling x4  
  47  6:51  Zergling x4  
  47  6:52  Zergling x2  
  38  7:09  Zergling x2  
  38  7:14  Hatchery  
  38  7:17  Extractor  
  38  7:22  Spire  
  31  7:25  Drone x4  
  31  7:26  Drone x2  
  32  7:32  Drone  
  32  7:33  Drone  
  34  7:49  Overlord  
  34  7:50  Overlord  
  34  7:51  Drone x3  
  36  7:53  Baneling x6  
  36  7:54  Baneling  
  37  8:07  Spine Crawler  
  37  8:09  Extractor  
  37  8:10  Drone x3, Extractor  
  37  8:18  Zergling x4  
  37  8:19  Zergling x2  
  40  8:24  Drone x2  
  42  8:33  Mutalisk  
  42  8:34  Mutalisk  
  42  8:39  Drone x2  
  48  8:43  Drone x2  
  48  8:48  Mutalisk  
  50  8:54  Drone x2  
  50  8:55  Drone  
  55  9:05  Overlord  
  55  9:08  Centrifical Hooks  
  55  9:10  Zergling x2  
  55  9:12  Drone  
  55  9:14  Drone  
  58  9:24  Infestation Pit  
  58  9:28  Drone x4  
  61  9:34  Drone x3  
  58  10:00  Mutalisk x3  
  58  10:01  Mutalisk  
  58  10:02  Zergling x2  
  58  10:03  Zergling x2  
  64  10:18  Zergling x6  
  64  10:19  Zergling x2  
  67  10:28  Mutalisk  
  61  10:45  Mutalisk  
  61  10:46  Drone x2  
  61  10:47  Drone x5  
  67  10:53  Hive  
  67  10:54  Drone  
  68  11:07  Overlord x2  
  68  11:13  Hatchery  
  67  11:41  Mutalisk  
  67  11:42  Mutalisk x3  
  67  11:44  Hatchery  
  72  11:56  Baneling  
  72  11:57  Baneling x13  
  72  12:13  Greater Spire  
  72  12:16  Mutalisk x3  
  72  12:18  Overlord  
  72  12:20  Overlord  
  78  12:27  Zergling x4  
  78  12:28  Zergling x2  
  81  12:43  Pneumatized Carapace  
  81  12:47  Drone x2  
  81  12:48  Drone, Corruptor  
  86  13:01  Ultralisk Cavern  
  86  13:04  Corruptor  
  87  13:05  Evolution Chamber  
  87  13:06  Evolution Chamber  
  87  13:07  Drone  
  87  13:09  Drone  
  87  13:16  Drone x2  
  51  13:49  Ultralisk x2  
  51  13:50  Corruptor  
  51  13:53  Drone  
  51  13:54  Drone x2  
  68  13:57  Spine Crawler x2  
  68  14:02  Brood Lord  
  68  14:05  Drone x3  
  68  14:07  Drone  
  72  14:10  Extractor  
  72  14:11  Extractor  
  70  14:21  Drone x3  
  73  14:31  Brood Lord  
  73  14:34  Brood Lord  
  77  14:48  Zerg Melee Weapons Level 1  
  77  14:53  Zerg Ground Armor Level 1  
  77  14:56  Drone x5  
  77  14:57  Drone, Hatchery  
  82  15:04  Zerg Flyer Weapons Level 1  
  82  15:07  Extractor, Zergling x6  
  82  15:08  Extractor, Zergling x6  
  82  15:11  Corruptor  
  88  15:17  Mutalisk  
  88  15:19  Drone  
  88  15:20  Drone x2  
  93  15:21  Drone  
  94  15:38  Spine Crawler  
  94  15:39  Spore Crawler  
  94  15:40  Spine Crawler x2, Spore Crawler  
  94  15:41  Spine Crawler  
  88  15:44  Corruptor  
  88  15:48  Mutalisk  
  92  15:51  Drone x2  
  92  15:54  Drone  
  92  15:55  Drone  
  96  16:01  Spore Crawler  
  79  16:19  Mutalisk x2  
  79  16:20  Mutalisk  
  79  16:22  Zergling x8  
  79  16:23  Zergling x4  
  79  16:24  Drone x2  
  79  16:25  Drone  
  90  16:33  Mutalisk x2  
  81  16:41  Spore Crawler  
  81  16:42  Spore Crawler  
Show
View Real Time Build Order
Export as new Build Order

Massa Terran - Winner!

Build Orders:  

Get SALT Encoding   

  12  0:01  SCV  
  13  0:13  SCV  
  14  0:18  Supply Depot  
  14  0:25  SCV  
  15  0:40  SCV  
  15  0:41  Barracks  
  16  0:50  Supply Depot  
  16  0:52  SCV  
  17  1:02  Refinery  
  17  1:04  SCV  
  18  1:12  Barracks  
  18  1:18  SCV  
  19  1:34  Marine  
  19  1:38  Orbital Command  
  20  1:44  Barracks  
  20  1:52  Barracks Tech Lab  
  20  2:06  Reaper  
  21  2:08  SCV  
  21  2:12  Supply Depot  
  21  2:13  Marine  
  23  2:31  Marine  
  23  2:34  Marine  
  25  2:38  Marine  
  25  2:40  Supply Depot  
  25  2:43  Stimpack  
  26  2:49  Marauder  
  28  2:52  Marine  
  28  2:56  Marine  
  30  3:09  Marine  
  30  3:10  Marauder  
  33  3:14  Marine  
  33  3:17  Supply Depot  
  34  3:27  Marine  
  34  3:32  Marauder, Marine  
  38  3:45  Marine  
  39  3:50  Marine  
  39  3:53  Marauder  
  42  3:56  Command Center  
  42  4:03  Marine  
  42  4:07  Marine  
  44  4:15  Marauder  
  46  4:17  SCV  
  46  4:21  Marine  
  48  4:25  Marine  
  49  4:36  Marauder  
  51  4:39  Marine  
  51  4:43  Marine  
  38  5:18  Marauder, Marine x2  
  42  5:33  Orbital Command  
  42  5:35  SCV  
  43  5:36  Marine  
  43  5:40  Marauder, Factory  
  46  5:44  Refinery  
  46  5:46  Factory  
  46  5:47  SCV  
  38  5:59  SCV  
  38  6:01  Marauder  
  41  6:10  Marine x2  
  43  6:15  SCV, Engineering Bay  
  43  6:16  SCV  
  45  6:22  Marauder  
  47  6:27  SCV, Marine  
  47  6:28  SCV  
  50  6:40  SCV  
  36  6:55  Marauder, Marine x2  
  40  7:02  Factory Tech Lab, Factory Reactor  
  40  7:03  Terran Infantry Weapons Level 1  
  40  7:12  SCV  
  40  7:13  SCV, Marine x2  
  44  7:16  Marauder  
  46  7:24  SCV  
  46  7:25  SCV, Missile Turret  
  46  7:27  Starport  
  48  7:34  Refinery  
  48  7:37  Refinery, SCV x2, Command Center  
  49  7:38  Marauder  
  49  7:43  Widow Mine x2  
  56  7:47  Siege Tank  
  56  7:49  SCV x2  
  61  7:54  Barracks Reactor  
  61  7:56  Marine  
  62  7:59  Marauder  
  62  8:01  SCV x2  
  62  8:04  Widow Mine x2  
  70  8:08  Missile Turret  
  70  8:12  Supply Depot  
  70  8:18  Missile Turret  
  70  8:19  Missile Turret  
  70  8:27  Starport Reactor, Missile Turret  
  70  8:34  Widow Mine, SCV x2  
  70  8:38  Combat Shield  
  75  8:45  Barracks Tech Lab  
  75  8:46  SCV x2, Marine x2  
  75  8:48  Marine  
  78  8:49  Siege Tank  
  78  8:54  Supply Depot  
  82  8:57  Supply Depot  
  82  8:58  SCV  
  82  9:02  Supply Depot  
  83  9:04  Marine  
  83  9:06  Marauder  
  86  9:11  SCV x2  
  88  9:23  SCV x2, Marauder  
  92  9:26  Supply Depot  
  92  9:27  Supply Depot  
  92  9:28  Marauder  
  94  9:39  SCV x2  
  94  9:44  Orbital Command  
  96  9:49  Supply Depot  
  96  9:51  SCV x2, Missile Turret, Supply Depot  
  98  9:53  Missile Turret  
  94  10:15  Missile Turret  
  94  10:18  Siege Tank  
  94  10:19  Widow Mine x2  
  101  10:23  Medivac x2  
  105  10:40  Widow Mine x2  
  109  10:50  Siege Tank  
  109  10:51  Armory  
  109  10:53  Terran Infantry Armor Level 1, Medivac x2  
  109  10:55  SCV x3, Engineering Bay  
  119  10:59  Refinery  
  119  11:00  Refinery  
  119  11:07  SCV x2  
  119  11:08  Command Center  
  121  11:14  Barracks  
  121  11:16  Barracks  
  121  11:19  Barracks  
  121  11:25  Barracks  
  121  11:26  Barracks  
  121  11:29  SCV x3  
  124  11:33  Marauder x2, Marine x2  
  130  11:41  SCV x3  
  133  11:49  Liberator x2  
  133  11:51  Marine x2  
  141  11:54  Marauder x2  
  141  11:57  Concussive Shells  
  141  11:59  Terran Infantry Weapons Level 2  
  124  12:32  Liberator  
  124  12:36  Barracks Reactor, Barracks Tech Lab x2  
  123  12:49  Planetary Fortress  
  123  12:50  SCV x3  
  123  12:51  Barracks Tech Lab  
  126  12:58  Thor  
  132  12:59  Widow Mine  
  132  13:00  Widow Mine  
  132  13:02  SCV x3  
  132  13:03  Command Center  
  132  13:04  Barracks Reactor  
  139  13:21  Widow Mine x2, Command Center  
  141  13:41  Thor  
  147  13:42  Widow Mine x2  
  128  14:08  Marauder x5  
  138  14:11  Marine x6  
  144  14:17  Supply Depot  
  144  14:18  Supply Depot x2  
  144  14:19  Supply Depot  
  144  14:20  Planetary Fortress, Supply Depot  
  144  14:21  Supply Depot  
  144  14:24  Siege Tank  
  146  14:28  Marine  
  146  14:29  Marauder x5, Marine x5  
  157  14:46  Marine x4  
  157  14:47  Marine x2, Supply Depot  
  157  14:50  Marauder  
  157  14:51  Marauder x4  
  173  14:54  Sensor Tower  
  173  14:58  SCV x4  
  177  15:04  Marine x3  
  180  15:10  SCV  
  180  15:12  Marauder x5  
  191  15:17  Missile Turret  
  191  15:22  Marine x6  
  197  15:33  Marauder, Marine  
  200  15:38  Missile Turret  
  197  15:47  Armory  
  197  15:55  Marauder  
  199  15:59  Missile Turret  
  197  16:15  Command Center  
  191  16:20  Missile Turret  
  172  16:48  Marine x4  
Show
View Real Time Build Order
Export as new Build Order

Creepy Terran 

Build Orders: Reaper Expand 

Get SALT Encoding   

  12  0:02  SCV  
  13  0:16  SCV  
  13  0:18  Supply Depot  
  14  0:28  SCV  
  15  0:40  SCV  
  15  0:41  Barracks  
  16  0:50  Refinery  
  16  0:52  SCV  
  17  1:06  SCV  
  18  1:18  SCV  
  19  1:34  Orbital Command  
  19  1:41  Reaper  
  20  1:49  Command Center  
  20  2:00  Refinery  
  20  2:07  Supply Depot  
  20  2:16  Factory  
  20  2:17  Marine  
  21  2:35  SCV, Marine  
  23  2:44  Barracks  
  23  2:47  SCV  
  24  2:59  SCV  
  24  3:00  Factory Tech Lab  
  24  3:01  Barracks Reactor  
  25  3:07  Supply Depot  
  25  3:12  SCV  
  26  3:19  Starport  
  26  3:24  SCV  
  27  3:30  Engineering Bay  
  27  3:35  Barracks Tech Lab  
  27  3:36  SCV  
  28  3:43  Siege Tank  
  31  3:55  Stimpack  
  31  3:56  Marine x3  
  31  3:57  Starport Reactor  
  32  4:13  Marine  
  32  4:14  Marine  
  34  4:23  Marine  
  35  4:28  SCV  
  35  4:31  Orbital Command, Marine  
  36  4:33  Barracks  
  37  4:44  Marine x2  
  39  4:46  Medivac x2  
  35  4:57  Marine  
  36  5:02  Marine x2  
  37  5:15  Marine  
  37  5:20  Marine  
  38  5:27  Orbital Command  
  38  5:32  Supply Depot  
  38  5:53  Marine  
  39  6:00  Marine  
  39  6:01  Marine  
  42  6:05  Barracks Reactor  
  42  6:06  Siege Tank  
  42  6:07  SCV x2  
  46  6:24  Combat Shield  
  46  6:25  Marine x3  
  46  6:26  SCV x2  
  48  6:33  Supply Depot  
  47  6:43  Marine x3  
  42  6:50  Marine x2  
  39  7:01  Marine x2  
  39  7:04  Bunker  
  41  7:09  Marine  
  42  7:16  SCV x2  
  41  7:32  SCV x2, Missile Turret  
  43  7:45  Marine x4  
  43  7:46  Marine  
  48  8:04  Missile Turret  
  48  8:05  SCV x2  
  50  8:11  Missile Turret  
  50  8:24  Marine x2  
  50  8:25  Marine x3  
  55  8:27  SCV x2  
  57  8:39  SCV x2  
  59  8:46  Marine x3  
  62  8:58  Supply Depot  
  62  9:01  Terran Infantry Weapons Level 1  
  62  9:19  SCV x2, Marine x3, Missile Turret, Siege Tank  
  62  9:22  Missile Turret  
  70  9:27  Missile Turret  
  70  9:28  Missile Turret  
  70  9:48  Supply Depot  
  70  10:09  Marine  
  70  10:10  SCV x2, Marine x4  
  70  10:16  Medivac, Siege Tank  
  70  10:17  Medivac  
  77  10:22  SCV  
  77  10:24  Refinery  
  78  10:31  Marine  
  78  10:34  SCV, Marine  
  78  10:42  SCV, Marine  
  78  10:43  Marine  
  78  10:44  Marine  
  78  10:46  SCV  
  78  10:48  Medivac  
  78  10:49  Marine  
  78  10:53  Marine, Medivac, Siege Tank  
  78  10:54  SCV  
  78  10:55  Supply Depot  
  78  10:57  Supply Depot x2  
  85  11:00  Marine, Supply Depot  
  86  11:11  Supply Depot  
  86  11:16  Marine x3  
  86  11:17  SCV x2  
  91  11:22  Refinery  
  91  11:23  Marine x2  
  93  11:29  SCV x2  
  95  11:34  Marine x3  
  98  11:41  SCV, Marine  
  98  11:42  Supply Depot  
  99  12:02  Marine  
  99  12:03  Marine x2  
  99  12:05  Marine x2  
  104  12:20  Marine  
  87  12:31  Marine x2  
  87  12:36  Medivac x2, Siege Tank  
  87  12:37  Marine x2  
  95  12:38  Marine  
  95  12:43  Barracks x2  
  98  12:44  Barracks  
  98  12:49  Marine  
  99  12:51  Command Center  
  99  12:53  Factory  
  99  13:02  Engineering Bay  
  99  13:04  Armory  
  99  13:07  Medivac  
  101  13:13  Marine  
  101  13:14  Marine x2  
  101  13:15  Marine  
  104  13:39  Marine x2  
  84  13:45  Marine x2  
  84  13:46  Marine  
  62  13:57  Barracks Reactor, Marine x2  
  62  13:58  Barracks Reactor x2, Factory Tech Lab  
  61  14:03  Marine x2  
  61  14:04  Marine  
  61  14:05  Siege Tank  
  61  14:08  Terran Infantry Weapons Level 2  
  67  14:11  Terran Infantry Armor Level 1  
  67  14:16  Terran Vehicle Weapons Level 1  
  67  14:19  Siege Tank  
  70  14:32  Marine  
  70  14:33  Marine x2  
  73  14:40  Marine x4  
  73  14:41  Marine x2  
  79  14:48  Marine  
  79  14:49  Marine  
  79  14:50  Marine  
  82  14:53  SCV  
  82  14:54  SCV  
  84  15:02  Orbital Command  
  84  15:05  SCV  
  84  15:06  SCV  
  86  15:10  Concussive Shells  
  86  15:20  Barracks Tech Lab  
  86  15:24  Marine x3  
  86  15:25  Marauder  
  86  15:27  Siege Tank x2  
  97  15:44  Factory, Marine  
  97  15:45  Marauder, Marine x3  
  97  15:46  Marauder, Marine  
  106  15:53  SCV x3  
  109  16:01  Siege Tank x2  
  115  16:05  SCV x2  
  115  16:07  Marauder  
Show
View Real Time Build Order
Export as new Build Order

Taureg Zerg 

Build Orders: Hatch First 

Get SALT Encoding   

  12  0:02  Drone  
  13  0:13  Overlord  
  13  0:19  Drone  
  14  0:32  Drone x2  
  16  0:56  Hatchery  
  15  1:08  Extractor  
  15  1:09  Spawning Pool  
  15  1:10  Drone  
  14  1:15  Drone  
  15  1:24  Drone  
  15  1:25  Drone  
  17  1:32  Drone  
  18  1:49  Overlord  
  18  1:58  Zergling x2  
  19  2:04  Zergling x2  
  19  2:07  Queen x2  
  24  2:09  Drone  
  24  2:15  Drone  
  26  2:20  Drone  
  27  2:26  Metabolic Boost  
  27  2:27  Drone  
  28  2:30  Drone  
  29  2:42  Drone x2  
  31  2:47  Queen  
  31  2:49  Drone  
  34  2:53  Overlord  
  34  3:02  Drone  
  34  3:04  Drone  
  36  3:20  Drone x3  
  36  3:21  Drone x5  
  44  3:29  Baneling Nest  
  44  3:31  Drone  
  44  3:38  Extractor  
  43  3:41  Drone  
  44  3:49  Hatchery  
  43  4:02  Zergling x6  
  44  4:06  Overlord  
  44  4:07  Overlord  
  44  4:18  Overlord  
  44  4:24  Spine Crawler  
  41  4:33  Zergling x4  
  41  4:34  Zergling x12  
  35  4:43  Zergling x2  
  35  4:45  Zergling x2  
  29  4:56  Baneling x2  
  27  5:01  Zergling x2  
  22  5:17  Zergling x2  
  22  5:19  Zergling x2  
  18  5:23  Zergling x4  
  18  5:24  Zergling x10  
  11  5:33  Zergling x2  
  10  5:35  Baneling  
  10  5:36  Baneling  
  10  5:37  Zergling x2  
  10  5:41  Zergling x2  
  7  6:00  Zergling x2  
  3  6:07  Baneling x3  
  3  6:11  Drone  
  3  6:12  Drone x4  
  2  6:52  Drone  
  3  7:09  Drone  
  4  7:24  Drone  
  5  7:40  Drone  
  6  7:49  Drone  
  7  8:02  Drone  
  8  8:11  Drone  
  9  8:14  Drone  
  10  8:22  Drone  
  11  8:28  Drone  
  12  8:38  Drone  
  13  8:48  Drone  
  14  8:56  Drone  
  15  9:15  Drone, Hatchery  
  15  9:27  Drone  
  15  9:29  Drone  
  17  9:40  Spawning Pool  
  17  9:42  Drone  
  17  9:56  Drone  
  18  10:02  Drone  
  19  10:17  Drone  
  20  10:22  Extractor  
  20  10:23  Drone  
  21  10:37  Drone  
  21  10:38  Drone  
  21  10:41  Drone  
  24  10:42  Hatchery  
  24  10:47  Drone  
  24  10:53  Drone, Spore Crawler  
  24  10:55  Spore Crawler  
  23  10:57  Drone  
  23  11:01  Drone  
  23  11:03  Queen  
  27  11:05  Drone  
  28  11:18  Drone x2  
  30  11:30  Spore Crawler  
  30  11:31  Drone x2  
  31  11:33  Drone  
  32  11:42  Drone, Spore Crawler  
  32  11:43  Drone  
  33  11:48  Drone  
  35  11:57  Hatchery  
  35  11:58  Extractor, Drone  
  35  11:59  Lair  
  35  12:00  Drone  
  35  12:02  Extractor, Queen  
  35  12:07  Drone  
  35  12:08  Extractor  
  36  12:10  Zergling x2  
  37  12:24  Zergling x2  
  37  12:25  Zergling x2  
  37  12:26  Overlord  
  39  12:32  Drone  
  40  12:38  Drone x2  
  40  12:39  Drone x2  
  44  12:48  Baneling x4  
  44  12:49  Zergling x2  
  44  12:51  Drone  
  46  12:57  Baneling  
  46  12:59  Centrifical Hooks  
  46  13:07  Drone x2  
  46  13:08  Spire  
  46  13:10  Drone x3  
  46  13:12  Drone x2  
  52  13:17  Zergling x2  
  53  13:21  Baneling x2  
  53  13:25  Zergling x2  
  53  13:26  Zergling x2  
  55  13:28  Zergling x2  
  55  13:31  Zergling x2  
  55  13:34  Overlord x2  
  57  13:47  Queen  
  57  13:51  Zergling x2  
  57  13:52  Zergling x10  
  59  13:58  Zergling x2  
  59  14:00  Zergling x2  
  59  14:02  Drone  
  60  14:05  Extractor x2, Spine Crawler, Overlord  
  57  14:11  Zergling x2  
  57  14:16  Zergling x6  
  61  14:18  Baneling x4  
  61  14:25  Drone x2  
  61  14:26  Drone  
  61  14:27  Mutalisk x2  
  66  14:49  Mutalisk x6  
  66  14:50  Mutalisk x2  
  81  15:09  Overlord x2  
  81  15:10  Overlord  
  81  15:11  Overlord x2  
  81  15:12  Overseer  
  81  15:19  Zergling x2  
  78  15:22  Zergling x4  
  78  15:25  Baneling  
  78  15:26  Baneling x3  
  80  15:30  Mutalisk x3  
  80  15:31  Mutalisk  
  80  15:35  Drone x2  
  90  15:38  Baneling x2  
  90  15:46  Zergling x4  
  90  15:48  Mutalisk x2  
  96  15:51  Drone  
  87  16:28  Baneling x2  
  87  16:33  Mutalisk x3  
  87  16:34  Mutalisk x6  
Tags
 
Add a new tag
Caveats
  • Supply blocks, unpowered buildings, or Contaminate may cause inaccurate times.
  • Supply counts are checked every 10 seconds.